 Dungeon Crawl Stone Soup version 0.17.1-3-g152610e (webtiles) character file.

28 ololoev the Skirmisher (level 3, 26/29 HPs)
             Began as a Demonspawn Fighter on Feb 18, 2016.
             Quit the game on level 3 of the Dungeon.
             The game lasted 00:02:07 (291 turns).

ololoev the Skirmisher (Demonspawn Fighter)          Turns: 291, Time: 00:02:07

Health: 26/29      AC:  6    Str: 22    XL:     3   Next: 0%
Magic:  3/3        EV:  7    Int:  9    God:
Gold:   74         SH:  9    Dex: 12    Spells: 0 memorised, 2 levels left

rFire  . . .     SeeInvis .     a - +0 war axe
rCold  . . .     Clarity  .     j - +0 scale mail
rNeg   . . .     SustAt   .     c - +0 shield
rPois  .         Gourm    .     (helmet restricted)
rElec  .         Spirit   +     (no cloak)
rCorr  .         Warding  .     (no gloves)
rMut   .         Stasis   .     (no boots)
MR     .....                    (no amulet)
Stlth  ..........               (no ring)
                                (no ring)

@: mighty, not resistant to hostile enchantments, extremely unstealthy
A: horns 1, magic shield
a: no special abilities


Innate Abilities, Weirdness & Mutations

You have a pair of small horns on your head.
When hurt, damage is shared between your health and your magic reserves.

Inventory:

Hand Weapons
 a - a +0 war axe (weapon)
 b - a +0 blowgun
Armour
 c - a +0 shield (worn)
 j - a +0 scale mail (worn)
Scrolls
 g - a scroll of teleportation {unknown}
 i - 2 scrolls of noise {unknown}
Potions
 f - a potion of cure mutation {unknown}
Comestibles
 e - 2 bread rations
 h - a beef jerky
 k - a meat ration


   Skills:
 - Level 3.0 Fighting
 * Level 2.8 Axes
 + Level 0.1 Throwing
 + Level 3.0 Armour
 - Level 2.6 Shields


You had 2 spell levels left.
You didn't know any spells.


You were on level 3 of the Dungeon.
You were not hungry.

You visited 1 branch of the dungeon, and saw 3 of its levels.

You collected 74 gold pieces.

#..........#
#..........#
#.........>#
#..........+
#..........#
#..........#
#..........#
########[.........+
.......@g.....)...#
.......Ko###+#.....
.......o.# .....
......r.o# ...
..........
##.........
#.........
#.........#

Notes
Turn   | Place    | Note
--------------------------------------------------------------
     0 | D:1      | ololoev the Demonspawn Fighter began the quest for the Orb.
     0 | D:1      | Reached XP level 1. HP: 18/18 MP: 1/1
    84 | D:1      | Gained mutation: When hurt, damage is shared between your health and your magic reserves. [demonic ancestry]
    84 | D:1      | Reached XP level 2. HP: 21/24 MP: 2/2
   290 | D:3      | Gained mutation: You have a pair of small horns on your head. [demonic ancestry]
   290 | D:3      | Reached XP level 3. HP: 26/29 MP: 3/3
   291 | D:3      | Quit the game

Dungeon Overview and Level Annotations

Branches:
Dungeon (3/15)

Altars:


Message History

You now have 74 gold pieces (gained 4).
Found a hand axe.
An orc comes into view. It is wielding a falchion.
The orc shouts!
An orc wizard comes into view. It is wielding a dagger.
An orc and an orc wizard come into view.
The orc shouts!
The orc wizard shouts!
The orc wizard shouts!
The orc wizard mumbles some strange words.
The orc wizard seems to speed up.
A goblin and a kobold come into view.
An orc priest comes into view. It is wielding a club.
The kobold shouts!
The goblin shouts!
The orc priest shouts!
The orc wizard mumbles some strange words.
The orc wizard flickers and vanishes!
Deactivating autopickup; reactivate with Ctrl-A.
A rat comes into view.
You see here a cloak.
Drink which item? (? for menu, Esc to quit)
You feel very mighty all of a sudden.
The orc priest looks braver for a moment.
The goblin hits you but does no damage.
You slash the orc!
You kill the orc!
You have reached level 3!
Your experience leads to an increase in your attributes!
Your base attributes are Str 16, Int 9, Dex 12.
Increase (S)trength, (I)ntelligence, or (D)exterity?
You feel stronger.
You feel monstrous as your demonic heritage exerts itself.
Your demonic ancestry asserts itself...
A pair of horns grows on your head!
You hit the orc wizard.
The orc wizard is moderately wounded.
You barely miss the goblin.
You hear some strange, mumbled words.
A puff of flame appears from out of thin air!
The puff of flame misses you. The goblin barely misses you.
You block the orc wizard's attack. The goblin closely misses you.
The kobold hits you but does no damage.
Are you sure you want to abandon this character and quit the game? (Confirm with "yes".)

You could see an orc priest, an orc wizard, an orc, a goblin, a kobold and a rat.

Vanquished Creatures
  An ooze (D:1)
  A giant gecko (D:2)
  An orc (D:3)
  5 bats (D:1)
  A giant cockroach (D:2)
  2 hobgoblins
  A giant newt (D:1)
  4 goblins
  3 jackals (D:1)
  A kobold (D:1)
  3 rats (D:1)
23 creatures vanquished.

Action                   || total
-------------------------++-------
Melee: War axe           ||    54
  Use: Potion            ||     1

Vault maps used:
D:1:      dpeg_arrival_long_road
D:2:      first_bread
D:3:      grunt_qazlal_clouds
